 Dungeon Crawl Stone Soup version 0.19-a0-680-gdf79c29 (webtiles) character file.

19 Laan the Firebug (level 2, -1/19 HPs)
             Began as a Mummy Fire Elementalist on June 17, 2016.
             Slain by a worker ant (2 damage)
             ... on level 1 of the Dungeon.
             The game lasted 00:02:07 (1083 turns).

Laan the Firebug (Mummy Fire Elementalist)          Turns: 1083, Time: 00:02:08

Health: -1/19      AC:  2    Str: 11    XL:     2   Next: 55%
Magic:  0/5        EV: 12    Int: 14    God:
Gold:   56         SH:  0    Dex: 12    Spells: 1 memorised, 4 levels left

rFire  x . .     SeeInvis .     f - +0 dagger
rCold  + . .     Gourm    .     a - +0 robe
rNeg   + + +     Faith    .     (no shield)
rPois  ∞         Spirit   .     (no helmet)
rElec  .         Dismiss  .     (no cloak)
rCorr  .         Reflect  .     (no gloves)
SustAt .         Harm     .     (no boots)
MR     .....                    (no amulet)
Stlth  ++........               (no ring)
                                (no ring)

@: not resistant to hostile enchantments, unstealthy
A: no food or potions, fire vulnerability, cold resistance 1, negative energy
resistance 3, torment resistance, unbreathing
a: no special abilities


You were on level 1 of the Dungeon.
You were not hungry.

You visited 1 branch of the dungeon, and saw 1 of its levels.

You collected 56 gold pieces.

Inventory:

Hand Weapons
 f - a +0 dagger (weapon)
Armour
 a - a +0 robe (worn)
Jewellery
 e - an uncursed ring of ice
Scrolls
 c - a scroll of noise {unknown}
 d - a scroll of enchant armour {unknown}
 g - a scroll of identify {unknown}
Books
 b - a book of Flames

   Spells                             Type                      Level
   a - Flame Tongue                   Conjuration/Fire             1
   b - Throw Flame                    Conjuration/Fire             2
   c - Conjure Flame                  Conjuration/Fire             3
   d - Inner Flame                    Hexes/Fire                   3
   e - Sticky Flame                   Conjuration/Fire             4
   f - Fireball                       Conjuration/Fire             5


   Skills:
 - Level 1.5 Dodging
 - Level 1.5 Stealth
 + Level 2.1 Spellcasting
 * Level 1.9 Conjurations
 - Level 2.4 Fire Magic


You had 4 spell levels left.
You knew the following spells:

 Your Spells              Type           Power        Failure   Level  Hunger
a - Flame Tongue          Conj/Fire      #....        12%         1    N/A

Dungeon Overview and Level Annotations

Branches:
Dungeon (1/15)

Altars:


Innate Abilities, Weirdness & Mutations

You do not eat or drink.
Your flesh is vulnerable to fire.
You are immune to poison.
Your flesh is cold resistant. (rC+)
You are immune to negative energy. (rN+++)
You are immune to unholy pain and torment.
You can survive without breathing.


Message History

Aiming: Flame Tongue
Press: ? - help, Shift-Dir - straight line, f/p - worker ant
Aim: a worker ant (severely wounded)
The flame tongue hits the worker ant.
The worker ant appears unharmed.
The worker ant is severely wounded.
The worker ant bites you.
* * * LOW HITPOINT WARNING * * *
The worker ant barely misses you. The worker ant bites you.
* * * LOW HITPOINT WARNING * * *
The worker ant waves its antennae.
Casting: Flame Tongue
Confirm with . or Enter, or press ? or * to list all spells.
Aiming: Flame Tongue
Press: ? - help, Shift-Dir - straight line, f/p - worker ant
Aim: a worker ant (heavily wounded)
The flame tongue hits the worker ant.
The worker ant is almost dead.
The worker ant bites you.
You die...

#### ..###########
#.#.......a.#
.#####.#.#######@#
.........†....##.#
######.######.##.#####
##.........#.........#
...........#..##.###.##########
.÷.........#..##.........†.>..#
##.........#..######.########.#
##............# #.# #!#
##.........##.# #.# #.#


You could see a worker ant.

Vanquished Creatures
  A dart slug (D:1)
  2 giant geckos (D:1)
  2 bats (D:1)
  A giant cockroach (D:1)
  A goblin (D:1)
  2 hobgoblins (D:1)
  A jackal (D:1)
  A kobold (D:1)
  A giant newt (D:1)
  2 rats (D:1)
14 creatures vanquished.

Notes
Turn   | Place    | Note
--------------------------------------------------------------
     0 | D:1      | Laan the Mummy Fire Elementalist began the quest for the Orb.
     0 | D:1      | Reached XP level 1. HP: 13/13 MP: 3/3
    55 | D:1      | Reached skill level 1 in Conjurations
   511 | D:1      | Reached XP level 2. HP: 7/19 MP: 0/5
  1083 | D:1      | Slain by a worker ant

Vault maps used:
D:1:      dpeg_arrival_three_same_balls, minmay_misc_feat_enclosed

Skill      XL: |  1 |
---------------+----+-----
Conjurations   | 1 |  1.9
Dodging        | |  1.5
Stealth        | |  1.5
Spellcasting   | |  2.1
Fire Magic     | |  2.4

Action                   || total
-------------------------++-------
Melee: Unarmed           ||     6
       Dagger            ||    14
 Cast: Flame Tongue      ||    31
Armor: Robe              ||     5
Dodge: Dodged            ||    24
